 Dungeon Crawl Stone Soup version bcrawl-1.41.1 (webtiles) character file.

Game seed: 6178420440837608839

274350 Yshiel the Chiller (level 8, 0/58 HPs)
             Began as a Gnoll Ice Elementalist on Apr 25, 2024.
             Was a Believer of Okawaru.
             Slain by a tengu warrior
             ... wielding a +2 battleaxe
              (10 damage)
             ... on level 6 of the Dungeon.
             The game lasted 00:39:26 (4416 turns).

Yshiel the Chiller (Gnoll Ice Elementalist)         Turns: 4416, Time: 00:39:27

Health: 0/58       AC:  7    Str: 11    XL:     8   Next: 66%
Magic:  17/17      EV: 15    Int: 17    God:    Okawaru [**....]
Gold:   287        SH:  4    Dex: 18    Spells: 13/19 levels left

rFire    . . .     GDR:     32% g - +0 short sword (drain)
rCold    . . .     SeeInvis .   (no shield)
rNeg     . . .     Gourm    .   t - +2 leather armour {rPois}
rPois    +         Faith    .   (no helmet)
rElec    +         Spirit   .   s - +0 cloak
rCorr    .         Reflect  +   d - +0 pair of gloves
MR       .....                  (no boots)
Stlth    +++.......             w - +4 amulet of reflection
HPRegen  0.19/turn              D - ring of insulation
MPRegen  0.15/turn              J - ring of poison resistance

@: no status effects
A: distributed training, fangs 1, strong nose
a: Heroism, Renounce Religion


You were on level 6 of the Dungeon.
You worshipped Okawaru.
Okawaru was pleased with you.
You were very hungry.

You visited 2 branches of the dungeon, and saw 7 of its levels.

You collected 543 gold pieces.
You spent 256 gold pieces at shops.

Inventory:

Hand Weapons
 g - a +0 short sword of draining (weapon)
 l - a +0 blowgun
 y - a +2 antimagic falchion
 B - the +6 spear of Arrival {drain, Dex+6}
   (You bought it in a shop on level 4 of the Dungeon)

   A truly terrible weapon, it drains the life of those it strikes.
   It affects your dexterity (+6).
Missiles
 n - 716 bolts
 r - 1087 stones (quivered)
 u - 339 poisoned needles
 I - 622 arrows
Armour
 d - a +0 pair of gloves (worn)
 s - a +0 cloak (worn)
 t - a +2 leather armour of poison resistance (worn)
Magical Staves
 L - an uncursed staff of cold {unknown}
Jewellery
 w - a +4 amulet of reflection (around neck)
 D - a ring of insulation (left hand)
 J - a ring of poison resistance (right hand)
Wands
 c - a wand of iceblast (1)
 G - a wand of polymorph (11)
Scrolls
 b - a scroll of remove curse
 h - a scroll of revelation
 i - a scroll of identify
 k - 7 scrolls of teleportation
 o - a scroll of fear {unknown}
 q - a scroll of blinking
 v - a scroll of immolation
 z - 4 scrolls of fog
 F - a scroll of enchant weapon {unknown}
 H - 4 scrolls of amnesia
Potions
 a - a potion of ambrosia {unknown}
 f - 7 potions of brilliance {unknown}
 j - a potion of haste {unknown}
 m - a potion of heal wounds {unknown}
 p - 3 potions of might {unknown}
 x - a potion of degeneration {unknown}
 C - a potion of curing {unknown}
 E - a potion of agility {unknown}
 K - a potion of flight {unknown}
Comestibles
 e - 4 rations {!d}


   Skills:
 + Level 3.4 Fighting
 + Level 3.4 Short Blades
 + Level 3.4 Long Blades
 + Level 3.4 Axes
 + Level 3.4 Maces & Flails
 + Level 3.4 Polearms
 + Level 3.4 Staves
 + Level 3.4 Slings
 + Level 3.4 Bows
 + Level 3.4 Crossbows
 + Level 3.4 Throwing
 + Level 3.4 Armour
 + Level 5.7 Dodging
 + Level 5.7 Stealth
 + Level 3.4 Shields
 + Level 3.4 Unarmed Combat
 + Level 6.1 Spellcasting
 + Level 3.5 Conjurations
 + Level 2.7 Hexes
 + Level 2.7 Charms
 + Level 2.7 Summonings
 + Level 2.7 Necromancy
 + Level 2.7 Translocations
 + Level 2.7 Transmutations
 + Level 2.7 Fire Magic
 + Level 6.2 Ice Magic
 + Level 2.7 Air Magic
 + Level 2.7 Earth Magic
 + Level 2.7 Poison Magic
 + Level 3.7 Invocations
 + Level 3.4 Evocations


You had 13 spell levels left.
You knew the following spells:

 Your Spells              Type           Power        Failure   Level  Hunger
a - Freeze                Ice            ####..       1%          1    None
b - Throw Frost           Conj/Ice       ###...       1%          2    None
c - Ozocubu's Armour      Chrm/Ice       ###.....     8%          3    ##.....

Your spell library contained the following spells:

 Spells                   Type           Power        Failure   Level  Hunger
 Necrotize                Necr           ##....       5%          1    None
 Vampiric Draining        Necr           ##........   16%         3    ##.....
 Throw Icicle             Conj/Ice       ###.....     22%         4    ####...
 Ice Form                 Ice/Tmut       ###.....     26%         4    ####...
 Summon Ice Beast         Ice/Summ       ###.....     26%         4    ####...
 Agony                    Necr           ##......     45%         4    ####...
 Animate Dead             Necr           N/A          45%         4    ####...
 Dispel Undead            Necr           ##......     82%         5    #####..


Dungeon Overview and Level Annotations

Branches:
Dungeon (6/12)             Temple (1/1) D:4

Altars:
Ashenzari
Cheibriados
Dithmenos
Elyvilon
Fedhas
Hepliaklqana
Lugonu
Makhleb
Nemelex Xobeh
Okawaru
Qazlal
Ru
Sif Muna
Trog
Uskayaw
Vehumet
Wu Jian
Xom
The Shining One

Shops:
D:4 (   D:5 [

Annotations:
D:4 1 runed translucent door, gothhamster's ghost, novice GrBe


Innate Abilities, Weirdness & Mutations

Your experience applies equally to all skills.
You have very sharp teeth.
Your uncanny sense of smell can sniff out nearby items.


Message History

You closely miss the tengu warrior.
The tengu warrior is lightly wounded.
You block the tengu warrior's attack. The tengu warrior barely misses you.
The tengu warrior claws you.
You closely miss the tengu warrior.
The tengu warrior is lightly wounded.
The tengu warrior hits you with a +2 battleaxe!
The tengu warrior closely misses you. x2
You hit the tengu warrior but do no damage.
You drain the tengu warrior.
The tengu warrior is lightly wounded.
The tengu warrior hits you with a +2 battleaxe!!
* * * LOW HITPOINT WARNING * * *
The tengu warrior pecks you but does no damage.
The tengu warrior claws you but does no damage.
The bullfrog hits you.
* * * LOW HITPOINT WARNING * * *
The bullfrog completely misses you.
The tengu warrior hits you with a +2 battleaxe!
You die...

#..# ##.# ##### #.# #.##
#####...# . .#.# #..#
#.......###..#.#.# ##.##
##.......... ...#.# ##...#
#.........###.#.#.# ##....##
#..........#...##.## #......##
#.<..........###.r)#
#.......###.....@Fr......##.#
.........##......Q....#.#.#.#
......#...#................#.....
......##...................#.....
.....######..........#####...#.##
###### ###....##### #######
######


You could see a tengu warrior, a bullfrog and a quokka.

Vanquished Creatures
  Sigmund (D:5)
  A water moccasin (D:5)
  A phantom (D:6)
  2 ogres (D:5)
  A bullfrog (D:4)
  2 centaurs (D:5)
  2 scorpions
  A howler monkey (D:5)
  A crimson imp (D:5)
  A hound (D:4)
  Ijyb (D:5)
  Terence (D:2)
  5 worker ants
  A hound zombie (D:6)
  A hound skeleton (D:6)
  A howler monkey zombie (D:5)
  10 adders
  8 gnolls
  An adder skeleton (D:5)
  5 worms
  4 dart slugs
  3 leopard geckos
  6 orcs
  2 ball pythons
  5 bats
  3 giant cockroaches
  2 goblins (D:1)
  8 hobgoblins
  2 jackals (D:4)
  11 kobolds
  3 quokkas
  4 frilled lizards
  8 rats
108 creatures vanquished.

Notes
Turn   | Place    | Note
-------+----------+-------------------------------------------
     0 | D:1      | Yshiel the Gnoll Ice Elementalist began the quest for the
                  | Orb.
     0 | D:1      | Reached XP level 1. HP: 13/13 MP: 6/6
   109 | D:1      | Reached XP level 2. HP: 19/19 MP: 5/7
   393 | D:1      | Reached XP level 3. HP: 25/25 MP: 9/9
   404 | D:1      | Reached skill level 5 in Spellcasting
   660 | D:2      | Noticed Terence
   672 | D:2      | Killed Terence
   673 | D:2      | Reached skill level 1 in Fighting
   673 | D:2      | Reached skill level 1 in Short Blades
   673 | D:2      | Reached skill level 1 in Long Blades
   673 | D:2      | Reached skill level 1 in Axes
   673 | D:2      | Reached skill level 1 in Maces & Flails
   673 | D:2      | Reached skill level 1 in Polearms
   673 | D:2      | Reached skill level 1 in Staves
   673 | D:2      | Reached skill level 1 in Slings
   673 | D:2      | Reached skill level 1 in Bows
   673 | D:2      | Reached skill level 1 in Crossbows
   673 | D:2      | Reached skill level 1 in Throwing
   673 | D:2      | Reached skill level 1 in Armour
   673 | D:2      | Reached skill level 1 in Shields
   673 | D:2      | Reached skill level 1 in Unarmed Combat
   673 | D:2      | Reached skill level 1 in Invocations
   673 | D:2      | Reached skill level 1 in Evocations
   673 | D:2      | Reached XP level 4. HP: 21/32 MP: 2/11
   732 | D:2      | Found a shadowy altar of Dithmenos.
  1324 | D:2      | Reached skill level 1 in Hexes
  1324 | D:2      | Reached skill level 1 in Charms
  1324 | D:2      | Reached skill level 1 in Summonings
  1324 | D:2      | Reached skill level 1 in Necromancy
  1324 | D:2      | Reached skill level 1 in Translocations
  1324 | D:2      | Reached skill level 1 in Transmutations
  1324 | D:2      | Reached skill level 1 in Fire Magic
  1324 | D:2      | Reached skill level 1 in Air Magic
  1324 | D:2      | Reached skill level 1 in Earth Magic
  1324 | D:2      | Reached skill level 1 in Poison Magic
  1392 | D:3      | Reached XP level 5. HP: 22/37 MP: 12/12
  1614 | D:3      | Found a shimmering altar of Xom.
  1614 | D:3      | Found a shimmering altar of Xom.
  1614 | D:3      | Found a shimmering altar of Xom.
  1751 | D:3      | Found a shimmering altar of Xom.
  1791 | D:3      | Found a stormy altar of Qazlal.
  1796 | D:3      | Found a shattered altar of Ashenzari.
  1997 | D:4      | Reached XP level 6. HP: 36/44 MP: 13/13
  2017 | D:4      | Found a staircase to the Ecumenical Temple.
  2027 | Temple   | Entered the Ecumenical Temple
  2043 | Temple   | Became a worshipper of Warmaster Okawaru
  2107 | D:4      | Found a runed translucent door.
  2107 | D:4      | Found a sparkling altar of Nemelex Xobeh.
  2107 | D:4      | Noticed gothhamster's ghost (novice GrBe)
  2138 | D:4      | Found Xer Soll's Antique Weapon Shop.
  2143 | D:4      | Bought an iridescent spear for 256 gold pieces
  2144 | D:4      | Identified the +6 spear of Arrival {drain, Dex+6} (You
                  | bought it in a shop on level 4 of the Dungeon)
  2253 | D:4      | Reached skill level 5 in Dodging
  2253 | D:4      | Reached skill level 5 in Stealth
  2429 | D:4      | Reached * piety under Okawaru
  2430 | D:4      | Reached XP level 7. HP: 33/50 MP: 15/15
  2482 | D:4      | Found a burning altar of Makhleb.
  2578 | D:5      | Entered Level 5 of the Dungeon
  2578 | D:5      | Noticed Ijyb
  2585 | D:5      | Killed Ijyb
  2798 | D:5      | Found Gudilyra's Antique Armour Boutique.
  2901 | D:5      | Noticed Sigmund
  2905 | D:5      | Killed Sigmund
  3078 | D:5      | Found a hide-covered altar of Uskayaw.
  3091 | D:5      | Reached XP level 8. HP: 57/57 MP: 16/16
  3260 | D:5      | Learned a level 2 spell: Throw Frost
  3264 | D:5      | Learned a level 3 spell: Ozocubu's Armour
  3693 | D:5      | Reached ** piety under Okawaru
  4393 | D:6      | Noticed a tengu warrior
  4416 | D:6      | Slain by a tengu warrior

Skill      XL: |  1  2  3  4  5  6  7  8 |
---------------+-------------------------+-----
Conjurations   | 2 3 |  3.5
Spellcasting   | 5 6 |  6.1
Fighting       | 1 2 3 |  3.4
Short Blades   | 1 2 3 |  3.4
Long Blades    | 1 2 3 |  3.4
Axes           | 1 2 3 |  3.4
Maces & Flails | 1 2 3 |  3.4
Polearms       | 1 2 3 |  3.4
Staves         | 1 2 3 |  3.4
Slings         | 1 2 3 |  3.4
Bows           | 1 2 3 |  3.4
Crossbows      | 1 2 3 |  3.4
Throwing       | 1 2 3 |  3.4
Armour         | 1 2 3 |  3.4
Shields        | 1 2 3 |  3.4
Unarmed Combat | 1 2 3 |  3.4
Invocations    | 1 2 3 |  3.7
Evocations     | 1 2 3 |  3.4
Hexes          | 1 2 |  2.7
Charms         | 1 2 |  2.7
Summonings     | 1 2 |  2.7
Necromancy     | 1 2 |  2.7
Translocations | 1 2 |  2.7
Transmutations | 1 2 |  2.7
Fire Magic     | 1 2 |  2.7
Air Magic      | 1 2 |  2.7
Earth Magic    | 1 2 |  2.7
Poison Magic   | 1 2 |  2.7
Dodging        | 5 |  5.7
Stealth        | 5 |  5.7
Ice Magic      | 6 |  6.2

Action                   |  1- 3 |  4- 6 |  7- 9 || total
-------------------------+-------+-------+-------++-------
Melee: Unarmed           |     7 |       |     4 ||    11
       Bite              |     5 |    14 |    20 ||    39
       Short sword       |    23 |   141 |   179 ||   343
       Punch             |       |       |     3 ||     3
 Cast: Freeze            |    29 |    13 |     4 ||    46
  Use: Scroll            |     2 |     9 |     3 ||    14
 Stab: Sleeping          |     4 |     7 |     4 ||    15
       Distracted        |       |     1 |       ||     1
  Eat: Chunk             |       |    10 |     5 ||    15
       Ration            |       |       |     1 ||     1
Armor: Robe              |     8 |       |       ||     8
       Leather armour    |       |    35 |    36 ||    71
Dodge: Dodged            |    45 |   112 |   117 ||   274
Block: Other             |       |     7 |    19 ||    26
